 Dungeon Crawl Stone Soup version 0.23.2-33-g5129a83184 (webtiles) character file.

Game seed: 9689907179996500274

625 varam the Ruffian (level 7, -1/66 HPs)
             Began as a Troll Fighter on July 1, 2019.
             Was a Priest of Yredelemnul.
             Slain by Prince Ribbit (11 damage)
             ... on level 6 of the Dungeon on July 2, 2019.
             The game lasted 00:11:45 (3807 turns).

varam the Ruffian (Troll Fighter)                   Turns: 3807, Time: 00:11:45

Health: -1/66      AC:  6    Str: 32    XL:     7   Next: 23%
Magic:  6/6        EV: 11    Int:  6    God:    Yredelemnul [***...]
Gold:   233        SH:  9    Dex:  9    Spells: 6/6 levels left

rFire    . . .     SeeInvis .     - Unarmed
rCold    . . .     Gourm    +   b - +0 shield
rNeg     . . .     Faith    .   a - +0 robe
rPois    .         Spirit   .   (helmet restricted)
rElec    .         Reflect  .   (no cloak)
rCorr    .         Harm     .   (gloves unavailable)
MR       .....                  (boots unavailable)
Stlth    +.........             (no amulet)
HPRegen  0.61/turn              w - +2 ring of strength
MPRegen  0.10/turn              y - +3 ring of evasion

@: mighty
A: large, unfitting armour, claws 3, fast metabolism 3, gourmand, regeneration
1, shaggy fur 1, tough skin 3
a: Recall Undead Slaves, Injury Mirror, Animate Dead, Renounce Religion


You were on level 6 of the Dungeon.
You worshipped Yredelemnul.
Yredelemnul was most pleased with you.
You were not hungry.

You visited 1 branch of the dungeon, and saw 6 of its levels.

You collected 233 gold pieces.

Inventory:

Armour
 a - a +0 robe (worn)
 b - a +0 shield (worn)
Jewellery
 g - an uncursed ring of wizardry
 r - an uncursed ring of poison resistance
 w - a +2 ring of strength (left claw)
 y - a +3 ring of evasion (right claw)
Wands
 A - a wand of polymorph (8)
Scrolls
 e - 2 scrolls of noise {unknown}
 h - 5 scrolls of remove curse {unknown}
 i - a scroll of immolation {unknown}
 l - a scroll of fear {unknown}
 n - a scroll of random uselessness {unknown}
 o - a scroll of blinking {unknown}
 s - 4 scrolls of identify {unknown}
 t - 3 scrolls of teleportation {unknown}
 v - a scroll of amnesia {unknown}
 x - a scroll of fog {unknown}
 z - a scroll of enchant weapon {unknown}
Potions
 c - a potion of might
 f - a potion of brilliance {unknown}
 j - a potion of mutation {unknown}
 k - 2 potions of curing
 m - 3 potions of heal wounds {unknown}
 p - a potion of flight {unknown}
 q - a potion of cancellation {unknown}
 u - a potion of berserk rage {unknown}
Comestibles
 d - 12 rations


   Skills:
 - Level 2.9 Fighting
 - Level 2.9 Dodging
 - Level 2.9 Shields
 + Level 7.3 Unarmed Combat


You had 6 spell levels left.
You didn't know any spells.
Your spell library was empty.

Dungeon Overview and Level Annotations

Branches:
Dungeon (6/15)             Temple (0/1) D:5

Altars:
Qazlal
Ru
Yredelemnul

Annotations:
D:6 Prince Ribbit


Innate Abilities, Weirdness & Mutations

You are too large for most types of armour.
You have claws for hands.
Your metabolism is lightning-fast.
You like to eat raw meat.
Your natural rate of healing is unusually fast.
You are covered in fur. (AC +1)
You have extremely tough skin. (AC +3)


Message History

* * * LOW HITPOINT WARNING * * *
You swap places.
Prince Ribbit blinks!
Okay, then.
Your quokka zombie bites Prince Ribbit.
Prince Ribbit croaks regally.
Prince Ribbit closely misses your quokka zombie.
Prince Ribbit croaks regally.
Prince Ribbit casts a spell.
Prince Ribbit looks slightly unstable.
Your quokka zombie completely misses Prince Ribbit.
Prince Ribbit asks your quokka zombie, "Just a little smooch?"
Prince Ribbit blinks!
You feel very mighty all of a sudden.
Prince Ribbit closely misses your quokka zombie.
Your quokka zombie closely misses Prince Ribbit.
You miss Prince Ribbit.
Prince Ribbit is severely wounded.
You block Prince Ribbit's attack. Prince Ribbit hits you!
You die...
Your body rises from the dead as a mindless zombie.

..#.# .#.## (...# ...
.ยง. #.# #Z# #F# #@# #.#
#.####### #..........#
#..#######.#
#############..#######.##
#.[.....>...............#
#.###########..#######..#
#.#...# ##...##
###..#####


You could see Prince Ribbit and a friendly quokka zombie.

Vanquished Creatures
  4 crimson imps
  An orc priest (D:5)
  2 bullfrog skeletons (D:5)
  A centaur zombie (D:5)
  An orc wizard (D:4)
  A centaur skeleton (D:5)
  3 worker ants
  An iguana (D:5)
  6 adders
  A gnoll (D:1)
  An ooze (D:2)
  An adder zombie (D:6)
  An adder skeleton (D:5)
  6 worms
  2 dart slugs
  6 leopard geckos
  12 orcs
  7 giant cockroaches
  6 goblins
  10 hobgoblins
  9 jackals
  6 kobolds
  2 quokkas
  3 ball pythons
  A ball python skeleton (D:4)
  11 bats
  7 frilled lizards
  A quokka zombie (D:5)
  11 rats
  A fungus (D:5)
125 creatures vanquished.

Notes
Turn   | Place    | Note
-------+----------+-------------------------------------------
     0 | D:1      | varam the Troll Fighter began the quest for the Orb.
     0 | D:1      | Reached XP level 1. HP: 22/22 MP: 0/0
    35 | D:1      | Reached XP level 2. HP: 29/29 MP: 1/1
   378 | D:1      | Reached XP level 3. HP: 36/36 MP: 2/2
   975 | D:2      | Found a faded altar of an unknown god.
   977 | D:2      | Became a worshipper of Yredelemnul the Dark
   977 | D:2      | Reached * piety under Yredelemnul
  1361 | D:2      | Reached XP level 4. HP: 32/44 MP: 3/3
  1556 | D:2      | Reached skill level 3 in Unarmed Combat
  1584 | D:2      | Reached ** piety under Yredelemnul
  1747 | D:2      | Reached skill level 4 in Unarmed Combat
  1747 | D:2      | Reached XP level 5. HP: 46/52 MP: 4/4
  2379 | D:4      | Reached *** piety under Yredelemnul
  2398 | D:4      | Found a stormy altar of Qazlal.
  2438 | D:4      | Reached skill level 5 in Unarmed Combat
  2533 | D:4      | Reached XP level 6. HP: 53/59 MP: 5/5
  2832 | D:5      | Entered Level 5 of the Dungeon
  2933 | D:5      | Reached skill level 6 in Unarmed Combat
  3036 | D:5      | Reached XP level 7. HP: 66/66 MP: 6/6
  3040 | D:5      | Reached skill level 7 in Unarmed Combat
  3215 | D:5      | Found a sacrificial altar of Ru.
  3298 | D:5      | Found a staircase to the Ecumenical Temple.
  3782 | D:6      | Noticed Prince Ribbit
  3800 | D:6      | HP: 6/66 [Prince Ribbit (11)]
  3807 | D:6      | Slain by Prince Ribbit

Skill      XL: |  1  2  3  4  5  6  7 |
---------------+----------------------+-----
Unarmed Combat | 4 5 6 7 |  7.3
Fighting       | |  2.9
Dodging        | |  2.9
Shields        | |  2.9

Action                   |  1- 3 |  4- 6 |  7- 9 || total
-------------------------+-------+-------+-------++-------
Melee: Unarmed           |   145 |   217 |    47 ||   409
Invok: Animate Remains   |       |     7 |       ||     7
       Recall Undead Sla |       |     2 |       ||     2
       Animate Dead      |       |     1 |     2 ||     3
  Use: Potion            |       |       |     1 ||     1
  Eat: Chunk             |    18 |    19 |     3 ||    40
Armor: Robe              |    50 |    60 |     5 ||   115
Dodge: Dodged            |    45 |    73 |    13 ||   131
Block: Shield            |    73 |   117 |     6 ||   196
